 Dungeon Crawl Stone Soup version 0.29-a0-841-g116ddc6ace (webtiles) character file.

Game seed: 14656428429765311137

133861 buhh the Alchemist (level 16, -20/124 (154) HPs)
             Began as a Demonspawn Transmuter on July 14, 2022.
             Was the Champion of Cheibriados.
             Demolished by buhh's illusion (illusionary) (43 damage)
             ... woven by Mara
             ... on level 3 of the Spider Nest.
             The game lasted 01:04:58 (40838 turns).

buhh the Alchemist (Demonspawn Transmuter)         Turns: 40838, Time: 01:04:58

HP:   -20/124 (154) AC: 16    Str: 32    XL:     16   Next: 60%
MP:   6/26          EV: 22    Int: 41    God:    Cheibriados [******]
Gold: 5028          SH:  0    Dex: 30    Spells: 1/19 levels left

rFire   + . .      SeeInvis .     - Unarmed
rCold   + + +      Faith    +   (shield currently unavailable)
rNeg    . . .      Spirit   .   (body armour currently unavailable)
rPois   +          Reflect  .   (helmet currently unavailable)
rElec   +          Harm     .   (cloak currently unavailable)
rCorr   +          Rampage  .   (gloves currently unavailable)
Will    +....                   (boots currently unavailable)
Stlth   +.........              D - amulet "Celem" {Faith rElec Str+5}
HPRegen 0.30/turn               Y - ring of protection from fire
MPRegen 0.20/turn               b - +6 ring of intelligence

@: ice-form, resistant, contaminated, glowing, heavily drained, very slow
A: freezing attack, amphibious, boosted hp, large, (antennae 2), foul stench 2,
demonic magic 1, (weakness stinger 2), (demonic touch 3)
a: End Transformation, Renounce Religion, Bend Time, Temporal Distortion,
Slouch, Step From Time


You were on level 3 of the Spider Nest.
You worshipped Cheibriados.
Cheibriados was exalted by your worship.
You were a creature of crystalline ice.
You visited 6 branches of the dungeon, and saw 28 of its levels.

You collected 5602 gold pieces.
You spent 574 gold pieces at shops.

Inventory:

Missiles
 J - a curare-tipped dart
 M - 2 throwing nets
Armour
 x - the +2 leather armour "Zups" (melded) {Drain Will+ Str+9 Stlth+}
   (You found it on level 2 of the Dungeon)

   Str:       It affects your strength (+9).
   Drain:     It drains your maximum health when unequipped.
   Will:      It increases your willpower.
   Stlth:     It makes you more stealthy.
 U - the +0 pair of boots "Faten" (melded) {rCorr Dex+4}
   (You acquired it on level 1 of the Lair of Beasts)

   Dex:       It affects your dexterity (+4).
   rCorr:     It protects you from acid and corrosion.
Magical Staves
 N - a staff of air
 S - a staff of cold (melded)
Jewellery
 b - a +6 ring of intelligence (right front paw)
 q - a ring of wizardry
 B - a ring of magical power
 D - the amulet "Celem" (around neck) {Faith rElec Str+5}
   (You acquired it on level 1 of the Lair of Beasts)

   [amulet of faith]

   It allows you to gain divine favour quickly.
   Str:       It affects your strength (+5).
   rElec:     It insulates you from electricity.
 L - a ring of positive energy
 R - a ring of poison resistance
 T - a ring of resist corrosion
 X - a ring of protection from cold
 Y - a ring of protection from fire (left front paw)
Wands
 A - a wand of digging (17)
 E - a wand of flame (32)
 F - a wand of charming (12)
 G - a wand of light (14)
 H - a wand of polymorph (15)
 K - a wand of roots (13)
 O - a wand of mindburst (11)
Scrolls
 a - 2 scrolls of identify {!d}
 c - 13 scrolls of teleportation {!d!d}
 d - 5 scrolls of magic mapping {!d}
 e - 8 scrolls of poison
 f - 4 scrolls of fog
 g - 5 scrolls of amnesia
 h - 4 scrolls of enchant armour
 i - 4 scrolls of noise
 j - 8 scrolls of enchant weapon
 k - 4 scrolls of torment
 l - 4 scrolls of immolation {!r}
 p - 2 scrolls of summoning
 C - 3 scrolls of silence {!r}
 P - 2 scrolls of vulnerability
 V - 3 scrolls of fear {!d}
Potions
 m - 3 potions of might
 n - 2 potions of lignification {!d}
 o - 3 potions of mutation {!q!d}
 r - 2 potions of cancellation {!q!d}
 t - 5 potions of brilliance {!d}
 u - 3 potions of ambrosia {!d}
 v - 7 potions of curing {!d}
 w - 2 potions of heal wounds {!d}
 y - a potion of haste {!q}
 z - 4 potions of degeneration
 I - 3 potions of attraction
 Q - 5 potions of invisibility {unknown}
 Z - a potion of flight
Miscellaneous
 W - a condenser vane (inert)


   Skills:
 + Level 12.7 Fighting
 + Level 11.8 Dodging
 + Level 11.9 Unarmed Combat
 - Level 2.0 Spellcasting
 - Level 5.0 Conjurations
 - Level 16.0 Transmutations
 - Level 6.0 Ice Magic
 - Level 14.0 Invocations


You had one spell level left.
You knew the following spells:

 Your Spells              Type           Power      Damage    Failure   Level
a - Beastly Appendage     Tmut           100%       N/A       0%          1
b - Wereblood             Tmut           94%        N/A       0%          2
c - Spider Form           Tmut/Pois      63%        N/A       1%          3
d - Ice Form              Ice/Tmut       76%        N/A       1%          4
e - Ozocubu's Armour      Ice            52%        N/A       1%          3
g - Irradiate             Conj/Tmut      37%        3d24      1%          5

Your spell library contained the following spells:

 Spells                   Type           Power      Damage    Failure   Level
 Freeze                   Ice            100%       1d11      1%          1
 Magic Dart               Conj           100%       1d8       1%          1
 Shock                    Conj/Air       96%        1d9       1%          1
 Apportation              Tloc           8%         N/A       3%          1
 Sandblast                Erth           8%         2d5       3%          1
 Ensorcelled Hibernation  Hex/Ice        56%        N/A       1%          2
 Passwall                 Tmut/Erth      52%        N/A       1%          2
 Searing Ray              Conj           90%        2d7       1%          2
 Static Discharge         Conj/Air       24%        3-6/arc   1%          2
 Frozen Ramparts          Ice            100%       1d12      1%          3
 Hailstorm                Conj/Ice       49%        3d11      3%          4
 Alistair's Intoxication  Tmut/Pois      42%        N/A       3%          5
 Conjure Flame            Conj/Fire      24%        6-21      4%          3
 Stone Arrow              Conj/Erth      48%        3d10      4%          3
 Blink                    Tloc           8%         N/A       5%          2
 Poisonous Vapours        Pois/Air       8%         N/A       5%          2
 Lesser Beckoning         Tloc           4%         N/A       11%         3
 Swiftness                Air            4%         N/A       11%         3
 Summon Ice Beast         Ice/Summ       28%        N/A       11%         4
 Fulminant Prism          Conj/Hex       12%        3d9       13%         4
 Sticky Flame             Conj/Fire      24%        2d5       13%         4
 Eringya's Noxious Bog    Tmut/Pois      31%        N/A       22%         6
 Metabolic Englaciation   Hex/Ice        14%        N/A       30%         5
 Airstrike                Air            2%         0-2+      36%         4
 Animate Armour           Summ/Erth      8%         N/A       36%         4
 Corpse Rot               Necr/Pois/Air  4%         N/A       36%         4
 Dispel Undead            Necr           4%         3d7       36%         4
 Summon Lightning Spire   Summ/Air       4%         N/A       36%         4
 Fireball                 Conj/Fire      12%        3d7       36%         5
 Borgnjor's Vile Clutch   Necr/Erth      2%         N/A       71%         5
 Manifold Assault         Tloc           4%         N/A       71%         5
 Storm Form               Tmut/Air       31%        N/A       75%         7
 Simulacrum               Ice/Necr       14%        N/A       86%         6
 Starburst                Conj/Fire      12%        6d5       90%         6
 Ignition                 Fire           2%         3d3       100%        8
 Lehudib's Crystal Spear  Conj/Erth      12%        10d4      100%        8
 Maxwell's Capacitive Co  Air            2%         ∞         100%        8


Dungeon Overview and Level Annotations

Branches:
Dungeon (15/15) Zot: 38345  Temple (1/1) D:4 Zot: 8855    Lair (6/6) D:9 Zot: 34573
  Swamp (1/4) Lair:4 Zot: 7468  Spider (3/4) Lair:4 Zot: 23394   Slime (0/5) Lair:5
    Orc (2/2) D:12 Zot: 13825     Elf (0/3) Orc:2
 Vaults: D:13-14     Depths: D:15

Altars:
Ashenzari
Cheibriados
Dithmenos
Fedhas
Gozag
Hepliaklqana
Kikubaaqudgha
Makhleb
Nemelex Xobeh
Okawaru
Qazlal
Ru
Sif Muna
Trog
Uskayaw
Vehumet
Wu Jian
Xom
Yredelemnul
Jiyva
Lugonu

Shops:
D:5 :   Orc:2 (=*[

Annotations:
D:3 exclusion: downstairs
D:8 Prince Ribbit
D:10 Sonja
D:13 exclusion: boulder beetle, Rupert
D:14 3 runed translucent doors, Faore's ghost, journeyman HOMo; audacious124's ghost, journeyman KoBr
Lair:2 Nergalle
Lair:3 exclusion: 2 downstairs
Lair:5 exclusion: oklob plant
Lair:6 exclusion: obsidian statue
Spider:2 Louise
Spider:3 Mara


Innate Abilities, Weirdness & Mutations

You are a creature of crystalline ice.
You have a powerful freezing melee attack.
You are amphibious.
Your maximum health is increased.
Your armour is entirely melded.
You are incapable of wielding weapons or throwing items.
((You have a pair of antennae on your head.))
You sometimes emit foul miasma when damaged in melee.
Spells you cast may paralyse adjacent enemies.
((You have a tail ending in a sharp stinger.))
((Your touch may irresistibly damage your foes and sap their willpower.))


Message History

Mara hits you with a +0 demon blade of draining!!
You feel drained.
Mara blinks!
Mara completely misses you.
Mara blinks!
Mara hits you with a +0 demon blade of draining.
You feel drained.
You feel much better. Mara closely misses you.
Mara says, "Bound art thou by all the snares!"
You barely miss Mara.
Mara is moderately wounded.
You pummel Mara like a punching bag!!! You freeze Mara!
Mara is severely wounded.
Mara misses you. Mara gestures at you.
There is a horrible, sudden wrenching feeling in your soul!
You punch Mara! You freeze Mara.
Mara is almost dead.
Mara gestures at you. The bolt of fire hits you!! You resist.
The bolt of fire misses buhh's illusion.
Mara blinks!
You feel much better.
Mara blinks!
Mara evades a web.
Mara says, "Bound art thou by all the snares!"
Mara blinks!
Mara blinks!
You closely miss buhh's illusion. Buhh's illusion misses you.
You miss buhh's illusion.
Buhh's illusion gestures wildly while chanting.
Buhh's illusion erupts in a fountain of uncontrolled magic!
You are blasted with magical radiation!!!
* * * LOW HITPOINT WARNING * * *
You are contaminated with residual magic.
You feel much better. Mara gestures at you.
The bolt of fire hits buhh's illusion!
Buhh's illusion resists.
The bolt of fire hits you! You resist.
* * * LOW HITPOINT WARNING * * *
Buhh's illusion gestures wildly while chanting.
Buhh's illusion erupts in a fountain of uncontrolled magic!
You are blasted with magical radiation!!!
You die...

#^.# #...^ #†.#########
#.#.### ##[.##...^.###....^
###.........# ....# ###.
#...........# #^..# ...#..
#...........# #..^# .....
#..........## #...# .....
#........R#####^..## .....
##^........@Y..##.^####
#....
##...^..#########....###....
##.##.## ###......... #..
### #####..### #. ##.### #
##.... ##..... #......
##......


You could see Mara (misshapen) and buhh's illusion.

Vanquished Creatures
  Jorgrun (Orc:1)
  A thorn hunter (Swamp:1)
  Donald (Lair:4)
  2 orc warlords
  Nessos (Lair:5)
  An entropy weaver (Spider:1)
  A bunyip (Swamp:1)
  2 dire elephants (Lair:6)
  A spark wasp (Spider:1)
  Josephine (D:12)
  Fannar (D:12)
  8 hydras
  A radroach (Spider:1)
  4 centaur warriors
  2 boulder beetles
  6 death yaks
  2 two-headed ogres
  5 orc high priests (Orc:2)
  4 tengu warriors
  17 spriggans
  6 slime creatures
  A sixfirhy (D:7)
  6 skeletal warriors
  6 orb spiders
  A pharaoh ant (Spider:2)
  A goliath frog (Swamp:1)
  A sun moth (Spider:3)
  4 spriggan druids
  A spectral anaconda (Lair:6)
  3 steelbarb worms
  3 bog bodies (Swamp:1)
  2 swamp dragons (Swamp:1)
  6 orc knights
  A deep elf pyromancer (D:15)
  4 necromancers (Lair:6)
  3 cyclopes
  14 ugly things
  5 orc sorcerers
  11 wolf spiders
  4 manticores
  A will-o-the-wisp (Swamp:1)
  6 black mambas
  2 moths of wrath (Spider:2)
  An ice statue (Lair:6)
  16 elephants
  2 gargoyles
  3 demonic crawlers
  3 centaur skeletons (D:13)
  3 cane toads
  2 unseen horrors (D:11)
  3 kobold demonologists
  3 torpor snails
  5 rime drakes
  A freezing wraith (Lair:6)
  2 efreet (D:14)
  3 komodo dragons
  4 yaktaurs (D:13)
  A dire elephant skeleton (Lair:6)
  5 trolls
  A troll (shapeshifter) (D:14)
  9 polar bears
  17 tarantellas
  3 tyrant leeches
  10 hornets
  2 spectral elephants (Lair:6)
  A tarantella (shapeshifter) (D:13)
  31 blink frogs
  20 jumping spiders
  7 culicivoras
  A shadow (D:10)
  A human (D:9)
  41 yaks
  8 wyverns
  9 wraiths
  A basilisk (Lair:2)
  14 redbacks
  2 death yak simulacra (Lair:6)
  4 vampire mosquitoes (D:13)
  4 wargs
  3 swamp worms (Swamp:1)
  10 water moccasins
  40 orc warriors
  A swamp drake (Swamp:1)
  A sky beast (D:7)
  6 ice beasts
  10 black bears
  11 ogres
  19 wolves
  3 boggarts (D:14)
  18 centaurs
  2 elephant skeletons (Lair:6)
  3 kobold brigands
  5 bullfrogs
  A gnoll sergeant (D:13)
  6 scorpions
  A cane toad simulacrum (Lair:6)
  12 wights
  2 elephant simulacra (Lair:6)
  4 killer bees
  An electric eel (D:14)
  14 orc priests
  6 hounds
  5 jellies
  2 iguanas
  29 orc wizards
  7 hell rats (Lair:2)
  Terence (D:2)
  A boggart skeleton (D:13)
  7 gnolls
  4 adders
  A white imp (Lair:6)
  An ufetubus (D:4)
  4 worms
  2 dart slugs
  81 orcs
  3 ball pythons
  7 bats
  3 endoplasms
  4 giant cockroaches
  5 goblins
  3 hobgoblins
  5 jackals
  16 kobolds
  2 quokkas
  2 frilled lizards (D:1)
  11 rats
  A foxfire (Swamp:1)
783 creatures vanquished.

Vanquished Creatures (collateral kills)
  A troll (D:9)
  A jumping spider (Spider:1)
  2 wights (D:9)
  3 orc priests (D:9)
7 creatures vanquished.

Vanquished Creatures (others)
  A centaur simulacrum (D:14)
  A water elemental (D:13)
  A spriggan (D:14)
  A human (D:9)
  A centaur (D:9)
  An electric eel (D:13)
  5 foxfires (Swamp:1)
  47 fungi
  37 plants
  29 withered plants
124 creatures vanquished.

Grand Total: 914 creatures vanquished

Notes
Turn   | Place    | Note
-------+----------+-------------------------------------------
     0 | D:1      | buhh the Demonspawn Transmuter began the quest for the Orb.
     0 | D:1      | Reached XP level 1. HP: 15/15 MP: 3/3
   155 | D:1      | Discovered your monstrous ancestry.
   155 | D:1      | Gained mutation: You have a small tail. [demonic ancestry]
   155 | D:1      | Reached XP level 2. HP: 19/21 MP: 3/5
   810 | D:1      | Found a faded altar of an unknown god.
  1146 | D:1      | Reached XP level 3. HP: 27/27 MP: 4/6
  1362 | D:2      | Noticed Terence
  1606 | D:2      | Identified the +2 leather armour "Zups" {Drain Will+ Str+9
                  | Stlth+}
  1809 | D:3      | Gained mutation: Your touch may inflict minor irresistible
                  | damage on your foes. [demonic ancestry]
  1809 | D:3      | Reached XP level 4. HP: 23/34 MP: 7/7
  2103 | D:3      | Found a hide-covered altar of Uskayaw.
  2126 | D:3      | Found a sacrificial altar of Ru.
  2605 | D:3      | Learned a level 2 spell: Wereblood
  3006 | D:4      | Noticed a black bear
  3007 | D:4      | Noticed a black bear
  3117 | D:4      | Found a bloodstained altar of Trog.
  3307 | D:4      | Gained mutation: You may rarely emit foul miasma when
                  | damaged in melee. [demonic ancestry]
  3307 | D:4      | Reached XP level 5. HP: 40/40 MP: 6/8
  3662 | D:4      | Learned a level 3 spell: Spider Form
  3678 | D:4      | Killed a black bear
  3679 | D:4      | Reached XP level 6. HP: 42/48 MP: 6/9
  3767 | D:4      | Found a stormy altar of Qazlal.
  3932 | D:4      | Gained mutation: Spells you cast may paralyse adjacent
                  | enemies. [demonic ancestry]
  3932 | D:4      | Reached XP level 7. HP: 47/54 MP: 8/10
  4059 | D:4      | Found an ornate altar of the Wu Jian Council.
  4085 | D:4      | Found a staircase to the Ecumenical Temple.
  4152 | D:4      | Reached skill level 5 in Unarmed Combat
  4212 | Temple   | Entered the Ecumenical Temple
  4469 | D:5      | Entered Level 5 of the Dungeon
  4601 | D:5      | Found a shimmering altar of Xom.
  4608 | D:5      | Found a shimmering altar of Xom.
  4608 | D:5      | Found a shimmering altar of Xom.
  4618 | D:5      | Found a shimmering altar of Xom.
  4619 | D:5      | Found a shimmering altar of Xom.
  4631 | D:5      | Found Moynev's Book Shoppe.
  4675 | D:5      | Identified the +8 sling of the Leaping King {vorpal, *Slow
                  | rF++}
  4706 | D:5      | Found a basalt altar of Yredelemnul.
  4817 | D:5      | Reached skill level 5 in Fighting
  5015 | D:5      | Reached skill level 5 in Dodging
  5532 | D:6      | Gained mutation: Your touch may inflict irresistible damage
                  | on your foes. [demonic ancestry]
  5532 | D:6      | Reached XP level 8. HP: 62/62 MP: 7/11
  6049 | D:6      | You fall into a shaft and drop 3 floors!
  6391 | D:9      | Found a staircase to the Lair.
  6402 | D:9      | Found an iron altar of Okawaru.
  6437 | D:9      | HP: 1/65 [yak (12)]
  6838 | D:9      | Reached XP level 9. HP: 49/71 MP: 9/12
  6956 | D:9      | Noticed a troll
  6971 | D:9      | Killed a troll
  7850 | D:8      | Identified the amulet "Caumi" {Rampage +Inv Regen+}
  8463 | D:8      | Noticed Prince Ribbit
  8760 | D:8      | Found a shadowy altar of Dithmenos.
  9269 | D:7      | Noticed a sixfirhy
  9270 | D:7      | Found a runed translucent door.
  9800 | D:6      | Gained mutation: You have a tail ending in a sharp stinger.
                  | [demonic ancestry]
  9800 | D:6      | Reached XP level 10. HP: 82/82 MP: 11/13
  9972 | D:6      | Found an opulent altar of Gozag.
 10330 | D:10     | Entered Level 10 of the Dungeon
 10638 | D:10     | Found a snail-covered altar of Cheibriados.
 10655 | D:10     | Became a worshipper of Cheibriados the Contemplative
 10774 | D:10     | Noticed Sonja
 10794 | D:10     | Found an ancient bone altar of Kikubaaqudgha.
 11612 | D:9      | Reached * piety under Cheibriados
 12294 | D:11     | Noticed a cyan ugly thing
 12463 | D:11     | Noticed a seven-headed hydra
 12463 | D:11     | Noticed a cyan ugly thing
 12499 | Lair:1   | Entered Level 1 of the Lair of Beasts
 12636 | Lair:1   | Identified the +5 ring mail "Kuwanna" {rC- Will+ Regen+
                  | Slay+2}
 12736 | Lair:1   | Gained mutation: Your touch may irresistibly damage your
                  | foes and sap their willpower. [demonic ancestry]
 12736 | Lair:1   | Reached XP level 11. HP: 90/90 MP: 14/14
 12739 | Lair:1   | Reached skill level 10 in Fighting
 13043 | Lair:1   | Identified 3 scrolls of acquirement
 13050 | Lair:1   | Acquired the +0 pair of boots "Faten" {rCorr Dex+4}
 13057 | Lair:1   | Acquired 1044 gold pieces
 13059 | Lair:1   | Acquired the amulet "Celem" {Faith rElec Str+5}
 13502 | Lair:1   | Reached skill level 10 in Unarmed Combat
 14122 | Lair:2   | Reached ** piety under Cheibriados
 14165 | Lair:2   | Reached skill level 10 in Dodging
 14294 | Lair:2   | Reached *** piety under Cheibriados
 14701 | Lair:2   | Noticed Nergalle
 14888 | Lair:2   | Reached skill level 2 in Transmutations
 15366 | Lair:3   | Reached skill level 3 in Transmutations
 15510 | Lair:3   | Reached skill level 4 in Transmutations
 15616 | Lair:3   | Noticed an eight-headed hydra
 15628 | Lair:3   | Killed an eight-headed hydra
 15629 | Lair:3   | Reached skill level 5 in Transmutations
 15941 | Lair:3   | Lost mutation: You have a pair of horns on your head.
                  | [demonic ancestry]
 15941 | Lair:3   | Lost mutation: You have a pair of small horns on your head.
                  | [demonic ancestry]
 15941 | Lair:3   | Gained mutation: You have a pair of small antennae on your
                  | head. [demonic ancestry]
 15941 | Lair:3   | Reached XP level 12. HP: 90/100 MP: 15/15
 16243 | Lair:4   | Noticed a death yak
 16298 | Lair:3   | Reached skill level 6 in Transmutations
 16350 | Lair:3   | Learned a level 4 spell: Ice Form
 16572 | Lair:4   | Reached **** piety under Cheibriados
 16648 | Lair:4   | Found a hole to the Spider Nest.
 16657 | Lair:4   | Reached skill level 1 in Ice Magic
 16678 | Lair:4   | Noticed a seven-headed hydra
 16687 | Lair:4   | Killed a seven-headed hydra
 16847 | Lair:4   | Reached skill level 7 in Transmutations
 17493 | Lair:4   | Found a staircase to the Swamp.
 17819 | Lair:4   | Noticed a death yak
 17831 | Lair:4   | Killed a death yak
 17838 | Lair:4   | Killed a death yak
 17838 | Lair:4   | Reached ***** piety under Cheibriados
 17839 | Lair:4   | Reached skill level 8 in Transmutations
 18251 | Lair:5   | Noticed Nessos
 18258 | Lair:5   | Killed Nessos
 18259 | Lair:5   | Reached skill level 5 in Ice Magic
 18536 | Lair:5   | Reached skill level 9 in Transmutations
 18656 | Lair:5   | Reached XP level 13. HP: 49/106 MP: 7/16
 18938 | Lair:5   | Found a viscous altar of Jiyva.
 19154 | Lair:5   | Found a staircase to the Slime Pits.
 19489 | Lair:6   | Entered Level 6 of the Lair of Beasts
 19508 | Lair:6   | Reached skill level 10 in Transmutations
 19535 | Lair:6   | Reached skill level 1 in Invocations
 19780 | Lair:6   | Reached skill level 5 in Invocations
 20112 | Lair:6   | Reached skill level 11 in Transmutations
 20238 | Lair:6   | Noticed a dire elephant
 20239 | Lair:6   | Noticed a dire elephant
 20239 | Lair:6   | Noticed a dire elephant
 20245 | Lair:6   | Reached ****** piety under Cheibriados
 20601 | Lair:6   | Identified the +11 longbow of the Slashing Gods {vorpal,
                  | rCorr}
 21195 | Lair:6   | Killed a dire elephant
 21313 | Lair:6   | Killed a dire elephant
 21494 | Lair:6   | Reached skill level 12 in Transmutations
 21501 | Lair:6   | Reached XP level 14. HP: 97/113 MP: 21/21
 21684 | Lair:6   | Reached skill level 10 in Invocations
 21744 | Lair:6   | Got the Codex of Frosty Battle Magic
 23553 | D:12     | Noticed Fannar
 23567 | D:12     | Killed Fannar
 23630 | D:12     | Noticed Josephine
 23644 | D:12     | Killed Josephine
 24719 | D:12     | Found a staircase to the Orcish Mines.
 25318 | D:13     | Reached skill level 13 in Transmutations
 26389 | D:13     | Acquired 378 gold pieces
 26391 | D:13     | Acquired 891 gold pieces
 26393 | D:13     | Acquired 553 gold pieces
 26398 | D:13     | Noticed Rupert
 27737 | D:14     | Reached skill level 14 in Transmutations
 28026 | D:14     | Gained mutation: You have a pair of antennae on your head.
                  | [demonic ancestry]
 28026 | D:14     | Reached XP level 15. HP: 118/118 MP: 20/25
 29009 | D:14     | Found a runed translucent gate.
 29011 | D:14     | Found a runed translucent gate.
 29011 | D:14     | Found a runed translucent gate.
 29013 | D:14     | Noticed Faore's ghost (journeyman HOMo)
 29013 | D:14     | Noticed audacious124's ghost (journeyman KoBr)
 29841 | D:15     | Entered Level 15 of the Dungeon
 29852 | D:15     | Reached skill level 15 in Transmutations
 30528 | Swamp:1  | Entered Level 1 of the Swamp
 31055 | Orc:1    | Entered Level 1 of the Orcish Mines
 31067 | Orc:1    | Reached skill level 1 in Conjurations
 31137 | Orc:1    | Noticed an orc warlord
 31143 | Orc:1    | Killed an orc warlord
 31248 | Orc:1    | Noticed Jorgrun
 31261 | Orc:1    | Killed Jorgrun
 31570 | Orc:1    | Learned a level 5 spell: Irradiate
 31574 | Orc:1    | Learned a level 3 spell: Ozocubu's Armour
 31916 | Orc:2    | Entered Level 2 of the Orcish Mines
 33322 | Orc:2    | Noticed an orc warlord
 33322 | Orc:2    | Found Anewk's Antique Armour Shoppe.
 33434 | Orc:2    | Killed an orc warlord
 33700 | Orc:2    | Bought an encrusted leather armour for 259 gold pieces
 33700 | Orc:2    | Identified the +2 leather armour of Bocuoz {Dex+6} (You
                  | bought it in a shop on level 2 of the Orcish Mines)
 33737 | Orc:2    | Found Upoilej's General Store.
 33744 | Orc:2    | Found a staircase to the Elven Halls.
 33752 | Orc:2    | Bought a scroll of poison for 56 gold pieces
 33752 | Orc:2    | Bought a potion of heal wounds for 70 gold pieces
 33752 | Orc:2    | Bought a scroll of enchant armour for 105 gold pieces
 33752 | Orc:2    | Bought a scroll of fear for 56 gold pieces
 33752 | Orc:2    | Bought a scroll of identify for 28 gold pieces
 33968 | Orc:2    | Reached skill level 5 in Conjurations
 33974 | Orc:2    | Reached skill level 16 in Transmutations
 34113 | Orc:2    | Found Xotse's Antique Weapon Emporium.
 34193 | Orc:2    | Found Jienneaj's Jewellery Boutique.
 34194 | Orc:2    | Paralysed by an orc sorcerer for 2 turns
 35128 | D:2      | Killed Terence
 35401 | Spider:1 | Entered Level 1 of the Spider Nest
 36091 | Spider:1 | Noticed Donald
 36116 | Lair:4   | Killed Donald
 37241 | Swamp:1  | Noticed a thorn hunter
 37247 | Swamp:1  | Killed a thorn hunter
 37248 | Swamp:1  | Gained mutation: You sometimes emit foul miasma when
                  | damaged in melee. [demonic ancestry]
 37248 | Swamp:1  | Reached XP level 16. HP: 126/126 MP: 16/26
 40043 | Spider:2 | Noticed Louise
 40707 | Spider:3 | Noticed Mara
 40832 | Spider:3 | Noticed buhh's illusion
 40838 | Spider:3 | Demolished by buhh's illusion (illusionary)

Illustrated notes

Levels and vault maps discovered:
D:1:      nicolae_arrival_somewhat_less_tricky_arrival, layout_basic,
          serial_forest, infiniplex_forest_end_2,
          infiniplex_forest_lined_room_3, infiniplex_forest_straight_1,
          infiniplex_forest_clump_long, infiniplex_forest_corner_1,
          infiniplex_forest_lined_room_2, infiniplex_forest_clump_tiny,
          shapermc_ecumenical_altar_mp_highgroup, hangedman_decor_lopped
D:2:      layout_rooms, glass_columns_c, uniq_terence
D:3:      layout_basic, minmay_overflow_temple_star_quad
D:4:      layout_loops_ring, nicolae_overflow_hidden_temple,
          trog_ov_bears_minmay, nicolae_qazlal_general_emergency,
          minmay_temple_entry_proselytizer
D:5:      layout_loops_ring, lemuel_crystal_altar, yredelemnul_altar_generic,
          xom_redecorated, serial_shops, shop, kennysheep_doodads
D:6:      layout_loops_ring, nicolae_gozag_cash_rules_everything_around_me
D:7:      cheibrodos_shockbox, layout_loops_ring, amcnicky_mini_pool_medium
D:8:      layout_basic, mainiacjoe_overflow_alcove_2, uniq_prince_ribbit1
D:9:      layout_loops_cross, okawaru_humans, lair_entry_dummy,
          reono_crystal_passage
D:10:     layout_cave_pods, amcnicky_altar_gilded, slow_altar_1, uniq_sonja
D:11:     layout_roguey, serial_glass, glass_columns_b, glass_columns_a,
          minivault_21, grunt_ministairs_14, minmay_puff
D:12:     layout_loops_ring, david_orc_4, uniq_josephine, uniq_fannar
D:13:     layout_irregular_city, hangedman_vaults_entry_quadrant_bands,
          lemuel_freeze_loot_1, uniq_rupert
D:14:     kb_forest_paths, layout_basic, minivault_14, gammafunk_ghost_cemetery,
          minivault_22
D:15:     grunt_enter_depths_snipers, layout_loops_corners,
          serial_bayou_shore_a, minmay_diced_spiral
Temple:   corrupted_temple
Lair:1:   beast_lair_carwin_large_3, layout_concentric_octagons,
          gauntlet_entry_generic, minmay_hedge_maze, grunt_megastairs_5,
          serial_bayou_shore_b
Lair:2:   layout_gridlike, minivault_26, serial_bayou_shore_b, uniq_nergalle
Lair:3:   layout_regular_city, st_stairs_4, wad_woods_road_01,
          minmay_lindwurm_lava
Lair:4:   layout_roguey, minmay_swamp_entry_worms,
          nicolae_spider_entry_non_spiders, infiniplex_staircase_pool
Lair:5:   layout_hall_layers, minmay_slime_entry_oklob_open,
          lemuel_fruit_fields, grunt_megastairs_1, uniq_nessos
Lair:6:   due_jungle_book, layout_regular_city, ice2_lemuel,
          infiniplex_staircase_pool_2
Swamp:1:  nicolae_swamp_long_stream, layout_basic_swamp,
          evilmike_swamp_ruin_house_1
Spider:1: layout_spider_delve, uniq_donald
Spider:2: layout_spider_delve, nicolae_spider_cling_halls, uniq_louise
Spider:3: layout_cave_pods, nicolae_spider_some_kinda_spiderbox, uniq_mara,
          uniq_asterion
Orc:1:    layout_caves, nicolae_orc_rich_vein, uniq_jorgrun
Orc:2:    grunt_orc_gardens, layout_caves, grunt_orc_garden, grunt_orc_garden,
          grunt_orc_garden, grunt_orc_garden

Skill      XL: |  1  2  3  4  5  6  7  8  9 10 11 12 13 14 15 16 |
---------------+-------------------------------------------------+-----
Dodging        | 2 3 4 5 6 7 9 10 11 | 11.8
Unarmed Combat | 3 4 5 6 8 9 10 11 | 11.9
Fighting       | 2 3 4 5 6 8 9 11 12 | 12.7
Transmutations | 5 9 12 14 16 | 16.0
Ice Magic      | 6 |  6.0
Invocations    | 9 14 | 14.0
Conjurations   | 5 |  5.0
Spellcasting   | |  2.0

Action                   |  1- 3 |  4- 6 |  7- 9 | 10-12 | 13-15 | 16-18 || total
-------------------------+-------+-------+-------+-------+-------+-------++-------
Melee: Unarmed           |    87 |    98 |   195 |   429 |   915 |   172 ||  1896
       Kick              |    26 |    22 |    58 |    96 |       |       ||   202
       Tailslap          |     7 |     7 |    24 |    54 |       |       ||    92
       Headbutt          |     6 |     8 |    45 |    75 |       |       ||   134
       Touch             |       |     9 |    23 |    42 |     1 |       ||    75
       Punch             |       |     3 |     9 |    11 |       |       ||    23
       Staff             |       |       |       |       |     1 |       ||     1
 Cast: Beastly Appendage |    23 |    28 |    78 |    59 |       |       ||   188
       Spider Form       |       |     1 |       |       |       |       ||     1
       Wereblood         |       |       |     1 |    11 |     7 |       ||    19
       Ice Form          |       |       |       |    36 |   168 |    38 ||   242
       Irradiate         |       |       |       |       |    18 |    40 ||    58
Invok: Slouch            |       |       |       |     2 |    18 |       ||    20
       Step From Time    |       |       |       |       |     4 |       ||     4
Evoke: Wand              |       |     4 |    11 |     4 |    10 |     9 ||    38
       Condenser vane    |       |       |       |       |     2 |     1 ||     3
  Use: Potion            |     1 |     2 |       |       |     8 |     9 ||    20
       Scroll            |       |     6 |     2 |    14 |    22 |       ||    44
 Stab: Paralysed         |       |       |    16 |    19 |    22 |    13 ||    70
       Sleeping          |       |       |     2 |     1 |     1 |     1 ||     5
       Invisible         |       |       |     2 |     3 |     1 |     2 ||     8
       Distracted        |       |       |       |       |     3 |       ||     3
Armor: Robe              |    14 |       |       |       |       |       ||    14
       Skin              |     5 |     7 |       |    38 |   281 |    55 ||   386
       Leather armour    |       |    19 |    40 |    42 |       |       ||   101
Dodge: Dodged            |    62 |    71 |   124 |   360 |   824 |   244 ||  1685

Table legend: (Time is in decaauts)
 A = Elapsed time spent in this place.
 B = Non-inter-level travel time spent in this place.
 C = Inter-level travel time spent in this place.
 D = Time resting spent in this place.
 E = Time spent auto-exploring this place.
 F = Levels seen in this place.
 G = Mean time per level.
                   A        B        C        D        E       F      G
               +--------+--------+--------+--------+--------+-----+--------+
         Total |  49739 |  45131 |   4608 |   5351 |  33270 |  28 | 1776.4 |
       Dungeon |  25337 |  22579 |   2758 |   1611 |  17631 |  15 | 1689.1 |
        Temple |     96 |     96 |      0 |      0 |     74 |   1 |   96.0 |
          Lair |  14996 |  13611 |   1385 |   1665 |  10408 |   6 | 2499.3 |
         Swamp |   1530 |   1498 |     32 |      0 |   1286 |   1 | 1530.0 |
   Spider Nest |   3604 |   3403 |    201 |    659 |   1967 |   3 | 1201.3 |
  Orcish Mines |   4174 |   3944 |    230 |   1415 |   1902 |   2 | 2087.0 |
               +--------+--------+--------+--------+--------+-----+--------+

Top non-repeatable levels by time:
    D:14: 4336 daAuts
  Lair:4: 4131 daAuts
  Lair:6: 3312 daAuts
   Orc:1: 2759 daAuts
    D:12: 2588 daAuts
     D:9: 2518 daAuts
    D:11: 2331 daAuts
  Lair:1: 2043 daAuts
    D:13: 1932 daAuts
  Lair:2: 1868 daAuts
  Lair:3: 1834 daAuts
    D:10: 1811 daAuts
  Lair:5: 1806 daAuts
     D:4: 1729 daAuts
Spider:2: 1598 daAuts
